Map: Frost LE

Players

Rueen

  • Race: Zerg Zerg
  • Spawn Location: 5:00

Fropez - Winner!

  • Race: Protoss Protoss
  • League: Gold
  • Spawn Location: 1:00

VOD

Have the link to the VOD?

Description

Time

  • Played on: Oct. 21, 2016, 10:01 p.m.
  • Length: 13:51
Show
View Real Time Build Order
Export as new Build Order

Rueen Zerg 

Build Orders: Pool First 

Get SALT Encoding   

  12  0:03  Drone  
  13  0:13  Overlord  
  13  0:19  Drone  
  14  0:37  Spawning Pool  
  14  0:38  Drone  
  14  0:48  Drone x2  
  16  0:53  Drone  
  17  1:08  Drone  
  18  1:20  Drone  
  18  1:23  Queen  
  21  1:25  Overlord  
  21  1:37  Roach Warren  
  20  1:42  Drone  
  20  1:45  Extractor  
  20  1:59  Queen  
  22  2:07  Drone x3  
  25  2:17  Extractor  
  24  2:45  Drone x2  
  24  2:46  Drone  
  24  2:50  Roach  
  29  2:56  Overlord x2  
  29  3:06  Lair  
  29  3:10  Drone  
  30  3:15  Roach  
  30  3:16  Roach  
  33  3:44  Spore Crawler  
  32  3:51  Spore Crawler  
  32  3:54  Roach x5  
  32  3:55  Roach  
  43  4:06  Overlord  
  43  4:28  Hatchery  
  42  4:31  Evolution Chamber  
  42  4:33  Drone x4  
  45  4:45  Spine Crawler  
  45  5:18  Hatchery, Roach x3  
  45  5:20  Overlord  
  50  5:21  Overlord  
  50  5:25  Zerg Ground Armor Level 1  
  50  5:29  Drone  
  51  5:41  Hatchery  
  50  5:45  Ravager x3  
  50  5:48  Roach  
  55  6:00  Queen  
  57  6:28  Overseer  
  57  6:30  Glial Reconstitution  
  57  6:38  Roach x3  
  63  6:42  Queen  
  63  6:43  Drone x2  
  67  6:59  Roach  
  67  7:00  Queen  
  71  7:19  Zerg Missile Weapons Level 1  
  71  7:25  Infestation Pit  
  71  7:28  Drone x3  
  71  8:00  Roach x4  
  71  8:01  Roach  
  81  8:07  Overlord  
  81  8:15  Hydralisk Den  
  80  8:27  Infestor  
  76  8:51  Roach x4  
  76  8:52  Roach x2  
  76  8:53  Roach  
  90  8:59  Overlord x2  
  90  9:18  Drone  
  90  9:19  Drone x2  
  93  9:27  Extractor, Drone x3  
  94  9:41  Queen  
  96  10:11  Ravager  
  96  10:12  Ravager x3  
  100  10:21  Hydralisk  
  100  10:22  Hydralisk x2  
  106  10:35  Spine Crawler  
  106  10:37  Zergling x2  
  105  10:53  Drone  
  105  10:55  Overlord x2  
  106  11:08  Zerg Ground Armor Level 2  
  106  11:13  Queen x2  
  110  11:25  Roach x3  
  116  11:28  Roach x2  
  93  11:49  Queen  
  93  11:50  Roach x3  
  74  11:59  Queen  
  51  12:01  Roach  
  51  12:02  Roach  
  36  12:24  Queen  
  34  12:35  Queen, Drone  
  34  12:36  Drone x2  
  39  12:46  Drone x3  
  30  13:11  Zergling x4  
  30  13:12  Zergling x2  
Show
View Real Time Build Order
Export as new Build Order

Fropez Protoss - Winner!

Build Orders:  

Get SALT Encoding   

  12  0:02  Probe (Chrono Boost)  
  13  0:14  Probe (Chrono Boost)  
  13  0:19  Pylon  
  14  0:25  Probe (Chrono Boost)  
  15  0:38  Probe (Chrono Boost), Assimilator  
  16  0:49  Probe (Chrono Boost), Gateway  
  17  1:00  Probe (Chrono Boost)  
  18  1:04  Gateway  
  18  1:10  Probe (Chrono Boost)  
  19  1:22  Probe (Chrono Boost)  
  19  1:24  Pylon  
  21  1:32  Probe (Chrono Boost)  
  21  1:35  Assimilator  
  21  1:43  Probe (Chrono Boost)  
  22  1:53  Cybernetics Core  
  22  1:57  Gateway  
  22  2:08  Gateway  
  22  2:11  Probe (Chrono Boost)  
  24  2:23  Probe (Chrono Boost)  
  24  2:30  Warp Gate (Chrono Boost)  
  24  2:34  Mothership Core (Chrono Boost)  
  25  2:46  Stalker x2  
  25  2:47  Stalker  
  31  3:12  Pylon  
  31  3:29  Stalker  
  31  3:31  Nexus  
  33  3:38  Probe  
  34  3:51  Probe  
  35  3:58  Pylon  
  35  4:03  Probe  
  36  4:12  Pylon  
  36  4:15  Pylon  
  36  4:37  Probe  
  37  4:46  Probe  
  37  4:49  Probe  
  37  4:50  Gateway  
  39  4:56  Probe  
  40  5:07  Forge  
  40  5:09  Pylon  
  40  5:12  Probe  
  40  5:13  Probe  
  42  5:17  Stalker x4  
  50  5:24  Assimilator  
  50  5:32  Probe  
  50  5:33  Probe  
  50  5:34  Protoss Ground Weapons Level 1 (Chrono Boost), Robotics Facility  
  52  5:51  Stalker x3  
  58  6:07  Probe  
  58  6:08  Twilight Council, Probe  
  58  6:09  Pylon  
  60  6:24  Mothership Core  
  60  6:27  Probe  
  60  6:31  Warp Prism (Chrono Boost)  
  63  6:39  Probe  
  64  6:47  Stalker x2  
  64  6:48  Stalker x3  
  74  7:17  Blink (Chrono Boost), Immortal (Chrono Boost)  
  78  7:23  Protoss Ground Weapons Level 2  
  78  7:30  Stalker  
  78  7:31  Stalker x3  
  78  7:32  Stalker  
  88  7:38  Probe  
  88  7:41  Assimilator  
  89  8:19  Immortal  
  87  8:36  Gateway x2  
  85  8:42  Probe x2  
  85  8:44  Gateway  
  81  8:50  Gateway  
  81  8:55  Gateway  
  81  9:00  Stalker x5  
  91  9:07  Resonating Glaives (Chrono Boost)  
  91  9:19  Pylon  
  91  9:20  Pylon  
  91  9:26  Adept  
  93  9:32  Immortal  
  97  9:39  Probe x2  
  99  9:50  Pylon  
  99  9:51  Probe x2  
  99  9:54  Pylon  
  99  9:56  Nexus  
  99  9:57  Pylon  
  99  9:58  Pylon  
  97  10:00  Pylon  
  97  10:05  Pylon  
  91  10:11  Adept x3  
  97  10:21  Adept x2  
  97  10:49  Immortal  
  97  10:52  Protoss Ground Weapons Level 3  
  101  11:07  Pylon  
  101  11:11  Probe  
  101  11:12  Pylon  
  102  11:20  Adept x3  
  102  11:21  Adept x5  
  100  11:49  Stalker x5  
  100  11:50  Stalker x2  
  98  11:56  Immortal  
  86  12:34  Stalker x3  
  86  12:35  Stalker x3  
  86  12:36  Stalker  
  96  12:42  Stalker x3  
  98  13:01  Stalker x4  
  98  13:02  Stalker  
  98  13:03  Stalker  
Tags
 
League
Gold
Matchup
PvZ
Opening
Pool First
Replay Pack
From the laptop
Spawn Locations
Close Positions
Add a new tag
Caveats
  • Supply blocks, unpowered buildings, or Contaminate may cause inaccurate times.
  • Supply counts are checked every 10 seconds.